 Dungeon Crawl Stone Soup version 0.20.0-10-g0535bb4 (webtiles) character file.

2682 Raukatau the Cleaver (level 9, -5/70 HPs)
             Began as a Minotaur Berserker on June 7, 2017.
             Was an Elder of Trog.
             Slain by a killer bee (7 damage)
             ... on level 8 of the Dungeon.
             The game lasted 00:24:56 (6158 turns).

Raukatau the Cleaver (Minotaur Berserker)           Turns: 6158, Time: 00:24:56

Health: -5/70      AC: 12    Str: 22    XL:     9   Next: 37%
Magic:  8/8        EV: 10    Int:  5    God:    Trog [****..]
Gold:   433        SH:  0    Dex: 12    Spells: 8/8 levels left

rFire    . . .     SeeInvis .   a - +1 war axe
rCold    + . .     Gourm    .   (no shield)
rNeg     . . .     Faith    .   j - +2 scale mail {rC+}
rPois    +         Spirit   .   (helmet restricted)
rElec    .         Reflect  .   o - +0 cloak
rCorr    +         Harm     .   t - +0 pair of gloves
MR       .....                  i - +1 pair of boots
Stlth    ..........             (no amulet)
Regen    0.3/turn               F - ring of resist corrosion
MPRegen  0.2/turn               y - ring of poison resistance

@: lethally poisoned (-5 -> -6), berserk cooldown, slowed, very slow
A: retaliatory headbutt, horns 2
a: Berserk, Trog's Hand, Brothers in Arms, Burn Spellbooks, Renounce Religion


You were on level 8 of the Dungeon.
You worshipped Trog.
Trog was greatly pleased with you.
You were hungry.

You visited 1 branch of the dungeon, and saw 8 of its levels.

You collected 433 gold pieces.

Inventory:

Hand Weapons
 a - a +1 war axe (weapon)
 b - a +0 hunting sling
 r - a +2 hunting sling of freezing
 v - a +0 trident
Missiles
 f - 269 stones (quivered)
Armour
 i - a +1 pair of boots (worn)
 j - a +2 scale mail of cold resistance (worn)
 l - a cursed +0 ring mail
 o - a +0 cloak (worn)
 t - a +0 pair of gloves (worn)
 u - a +3 chain mail
 x - a +1 hat
 D - a +2 shield
Jewellery
 m - an uncursed ring of ice
 y - a ring of poison resistance (right hand)
 B - an uncursed ring of protection from fire
 F - a ring of resist corrosion (left hand)
Wands
 E - a wand of polymorph (5/24)
 J - a wand of polymorph (17/24)
 K - a wand of iceblast (4/15)
Scrolls
 k - 2 scrolls of fear
 w - a scroll of identify
Potions
 d - a potion of haste
 e - 3 potions of heal wounds
 g - 2 potions of flight {unknown}
 s - a potion of cancellation {unknown}
 z - a potion of lignification {unknown}
 A - a potion of degeneration {unknown}
 H - a potion of magic {unknown}
 I - a potion of invisibility {unknown}
 L - 2 potions of agility
 O - a potion of might {unknown}
Books
 q - a book of Battle

   Spells                             Type                      Level
   a - Infusion                       Charms                       1
   b - Shroud of Golubria             Charms/Translocation         2
   c - Song of Slaying                Charms                       2
   d - Spectral Weapon                Hexes/Charms                 3
   e - Regeneration                   Charms/Necromancy            3
   Trog disapproves of the use of such an item.
 M - a book of Battle

   Spells                             Type                      Level
   a - Infusion                       Charms                       1
   b - Shroud of Golubria             Charms/Translocation         2
   c - Song of Slaying                Charms                       2
   d - Spectral Weapon                Hexes/Charms                 3
   e - Regeneration                   Charms/Necromancy            3
   Trog disapproves of the use of such an item.
Comestibles
 c - 5 bread rations
 h - 3 meat rations
 p - 8 fruits


   Skills:
 - Level 3.6 Fighting
 + Level 14.9 Axes
 - Level 2.4 Armour
 - Level 2.1 Dodging


You had 8 spell levels left.
You didn't know any spells.

Dungeon Overview and Level Annotations

Branches:
Dungeon (8/15)             Temple (0/1) D:7
   Lair: D:8-11

Altars:
Cheibriados
Fedhas
Kikubaaqudgha
Makhleb
Okawaru
Sif Muna
Uskayaw
Vehumet
Xom

Shops:
D:4 (


Innate Abilities, Weirdness & Mutations

You reflexively headbutt those who attack you in melee.
You have a pair of horns on your head.


Message History

Your two-headed ogre goes berserk!
You feel quite a bit more hungry. The killer bee closely misses you.
The killer bee completely misses you. You furiously retaliate!
You headbutt the killer bee!
The killer bee stings you but does no damage.
The killer bee closely misses you.
The queen bee calls on the killer bee to defend it!
The killer bee goes berserk!
The killer bee stings you but does no damage. x2
Okay, then.
As you read the scroll of fear, it crumbles to dust.
You assume a fearsome visage.
The queen bee looks frightened!
The killer bee looks frightened!
You feel sick.
The killer bee stings you but does no damage.
The killer bee stings you!
* * * LOW HITPOINT WARNING * * *
The killer bee stings you.
* * * LOW HITPOINT WARNING * * *
The killer bee stings you!
You die...

. #.##.# #
#.##.#
#.##.#
#.##.#
.###.##.###
..........#
.y......###
####..O.#
###y@# #..#
##y# #.y#
#/#.#
#.##.# #.#
..# ## ..#
..#


You could see a queen bee (fleeing), 3 killer bees and a friendly two-headed
ogre (berserk).

Vanquished Creatures
  Pikel (D:4)
  The ghost of xash the Changer, a novice OpTm (D:5)
  A hungry ghost (D:7)
  A sky beast (D:7)
  3 black bears
  An ice beast (D:5)
  3 centaurs
  2 ogres
  A scorpion (D:5)
  A killer bee (D:8)
  2 howler monkeys (D:4)
  3 crimson imps
  A jelly (D:5)
  A hound (D:5)
  A bullfrog skeleton (D:5)
  Crazy Yiuf (D:6)
  A bullfrog zombie (D:7)
  An iguana (D:6)
  2 orc wizards
  A statue (D:7)
  2 worker ants
  A hound skeleton (D:7)
  Robin (D:3)
  11 adders
  A shadow imp (D:7)
  An ooze (D:2)
  7 worms
  2 dart slugs (D:1)
  4 leopard geckos
  19 orcs
  8 giant cockroaches
  24 goblins
  10 hobgoblins
  8 jackals
  8 kobolds
  A quokka (D:6)
  9 bats
  7 frilled lizards
  A jackal skeleton (D:5)
  7 rats
  A fungus (D:7)
162 creatures vanquished.

Vanquished Creatures (others)
  An adder skeleton (D:4)
  4 jackals (D:3)
5 creatures vanquished.

Grand Total: 167 creatures vanquished

Notes
Turn   | Place    | Note
-------+----------+-------------------------------------------
     0 | D:1      | Raukatau the Minotaur Berserker began the quest for the Orb.
     0 | D:1      | Reached XP level 1. HP: 19/19 MP: 0/0
    51 | D:1      | Reached skill level 4 in Axes
   110 | D:1      | Reached XP level 2. HP: 20/26 MP: 1/1
   324 | D:1      | Reached ** piety under Trog
   324 | D:1      | Reached skill level 5 in Axes
   366 | D:1      | Reached XP level 3. HP: 31/31 MP: 2/2
   953 | D:2      | Reached XP level 4. HP: 33/39 MP: 3/3
  1006 | D:2      | Reached skill level 6 in Axes
  1815 | D:3      | Found a hide-covered altar of Uskayaw.
  1818 | D:3      | Found a deep blue altar of Sif Muna.
  1822 | D:3      | Found a snail-covered altar of Cheibriados.
  1825 | D:3      | Found a burning altar of Makhleb.
  2073 | D:3      | Noticed Robin
  2081 | D:3      | Reached XP level 5. HP: 45/45 MP: 4/4
  2086 | D:3      | Killed Robin
  2086 | D:3      | Reached *** piety under Trog
  2086 | D:3      | Reached skill level 7 in Axes
  3036 | D:4      | Reached skill level 8 in Axes
  3036 | D:4      | Reached XP level 6. HP: 51/51 MP: 5/5
  3038 | D:4      | Noticed Pikel
  3038 | D:4      | Noticed a slave
  3040 | D:4      | Noticed a slave
  3047 | D:4      | Killed Pikel
  3047 | D:4      | Reached skill level 10 in Axes
  3047 | D:4      | Reached XP level 7. HP: 57/57 MP: 6/6
  3450 | D:4      | Found Ifobbuim's Antique Weapon Shoppe.
  3941 | D:5      | Entered Level 5 of the Dungeon
  3964 | D:5      | Reached skill level 11 in Axes
  3991 | D:5      | Noticed xash's ghost (novice OpTm)
  4002 | D:5      | Killed xash's ghost
  4002 | D:5      | Reached skill level 12 in Axes
  4002 | D:5      | Reached XP level 8. HP: 64/64 MP: 7/7
  4069 | D:5      | Reached **** piety under Trog
  4367 | D:5      | Reached skill level 13 in Axes
  4726 | D:5      | Found an ancient bone altar of Kikubaaqudgha.
  4728 | D:5      | Found a shimmering altar of Xom.
  4728 | D:5      | Found a deep blue altar of Sif Muna.
  4730 | D:5      | Found a deep blue altar of Sif Muna.
  4730 | D:5      | Found a hide-covered altar of Uskayaw.
  4730 | D:5      | Found a burning altar of Makhleb.
  5094 | D:6      | Found a runed door.
  5098 | D:6      | Noticed Crazy Yiuf
  5103 | D:6      | Killed Crazy Yiuf
  5363 | D:6      | Reached XP level 9. HP: 70/70 MP: 8/8
  5418 | D:7      | Reached skill level 14 in Axes
  5637 | D:7      | Found an ancient bone altar of Kikubaaqudgha.
  5641 | D:7      | Found a blossoming altar of Fedhas.
  5758 | D:7      | Found a radiant altar of Vehumet.
  5953 | D:7      | Found an iron altar of Okawaru.
  5968 | D:7      | Found a staircase to the Ecumenical Temple.
  6143 | D:8      | Noticed a queen bee
  6158 | D:8      | HP: 2/70 [killer bee (3)]
  6158 | D:8      | Slain by a killer bee

Skill      XL: |  1  2  3  4  5  6  7  8  9 |
---------------+----------------------------+-----
Axes           | 4 5 6 8 10 12 13 14 | 14.9
Fighting       | |  3.6
Armour         | |  2.4
Dodging        | |  2.1

Action                   |  1- 3 |  4- 6 |  7- 9 || total
-------------------------+-------+-------+-------++-------
Melee: Hand axe          |    59 |   100 |       ||   159
       Headbutt          |    11 |    15 |    31 ||    57
       War axe           |       |    23 |   173 ||   196
 Fire: Hunting sling     |       |       |     8 ||     8
Throw: Stone             |       |     6 |       ||     6
Invok: Berserk           |     3 |     4 |     5 ||    12
       Trog's Hand       |       |       |     1 ||     1
       Burn Spellbooks   |       |       |     1 ||     1
       Brothers in Arms  |       |       |     1 ||     1
  Use: Scroll            |       |     1 |    13 ||    14
 Stab: Sleeping          |     1 |       |       ||     1
  Eat: Chunk             |     3 |    10 |    16 ||    29
       Fruit             |       |       |     1 ||     1
Armor: Animal skin       |    10 |    14 |       ||    24
       Chain mail        |       |    13 |    41 ||    54
       Scale mail        |       |       |    41 ||    41
Dodge: Dodged            |    38 |    58 |    76 ||   172
